 Dungeon Crawl Stone Soup version 0.23.2-33-g5129a83184 (webtiles) character file.

Game seed: 8185828228237666394

29 Kold the Insei (level 3, -3/23 HPs)
             Began as an Octopode Transmuter on July 31, 2019.
             Slain by Terence
             ... wielding a +3 falchion of slicing
              (11 damage)
             ... on level 2 of the Dungeon.
             The game lasted 00:01:49 (1093 turns).

Kold the Insei (Octopode Transmuter)                Turns: 1093, Time: 00:01:50

Health: -3/23      AC:  1    Str: 10    XL:     3   Next: 16%
Magic:  5/6        EV: 13    Int: 15    God:
Gold:   62         SH:  0    Dex: 12    Spells: 5/6 levels left

rFire    . . .     SeeInvis .     - Unarmed
rCold    . . .     Gourm    .   (no shield)
rNeg     . . .     Faith    .   (helmet restricted)
rPois    .         Spirit   .   (no amulet)
rElec    .         Reflect  .   (no ring)
rCorr    .         Harm     .   (no ring)
MR       .....                  (no ring)
Stlth    +++.......             (no ring)
HPRegen  0.07/turn              (no ring)
MPRegen  0.10/turn              (no ring)
                                (no ring)
                                (no ring)

@: appendage
A: almost no armour, stealthy swim, amphibious, 8 rings, constrict 8, tentacle
spike 3, camouflage 1, gelatinous body 1
a: End Transformation


You were on level 2 of the Dungeon.
You were not hungry.
One of your tentacles had a temporary spike.
You visited 1 branch of the dungeon, and saw 2 of its levels.

You collected 62 gold pieces.

Inventory:

Missiles
 a - 12 arrows
Scrolls
 d - 4 scrolls of identify {unknown}
 e - 2 scrolls of immolation {unknown}
Comestibles
 c - 5 rations


   Skills:
 - Level 1.0 Fighting
 + Level 2.4 Dodging
 + Level 1.9 Stealth
 + Level 3.3 Unarmed Combat
 - Level 2.0 Spellcasting
 + Level 2.4 Transmutations


You had 5 spell levels left.
You knew the following spells:

 Your Spells              Type           Power        Failure   Level  Hunger
a - Beastly Appendage     Tmut           #.....       9%          1    #......

Your spell library contained the following spells:

 Spells                   Type           Power        Failure   Level  Hunger
 Sticks to Snakes         Tmut           #.......     12%         2    ###....
 Spider Form              Tmut/Pois      #.........   38%         3    ###....
 Ice Form                 Ice/Tmut       #.......     80%         4    #####..
 Blade Hands              Tmut           #.........   92%         5    ######.


Dungeon Overview and Level Annotations

Branches:
Dungeon (2/15)

Altars:

Annotations:
D:2 Terence


Innate Abilities, Weirdness & Mutations

You cannot wear most types of armour.
You are very stealthy in the water. (Stealth+)
You are amphibious.
You can wear up to eight rings at the same time.
You can use your tentacles to constrict eight enemies at once.
Your skin changes colour to match your surroundings (Stealth+).
Your rubbery body absorbs attacks. (AC +1, EV +1)
One of your tentacles bears a large vicious spike.


Message History

The stone hits you. Terence closely misses you.
You tentacle-slap Terence. You grab Terence.
Terence is lightly wounded.
You constrict Terence, but do no damage.
You tentacle-slap Terence. You squeeze Terence.
Terence is moderately wounded.
You constrict Terence, but do no damage.
Terence hits you with a +3 falchion of slicing.
The goblin unwields a +0 hunting sling.
The goblin closely misses you.
You tentacle-slap Terence. Your squeeze misses Terence.
Terence is heavily wounded.
You constrict Terence, but do no damage.
Terence says, "Rest in peace."
Terence barely misses you. The goblin hits you.
You tentacle-slap Terence.
You pierce Terence.
Terence is severely wounded.
You constrict Terence, but do no damage.
Terence hits you with a +3 falchion of slicing!
You die...

#########
#.......# #
#.......###..#
#....g@......#
#....>@.#
#.....(.##...
#....<>.......
#........#....
######.#.# ###
#..... ###.###
.# .


You could see Terence and a goblin.

Vanquished Creatures
  A dart slug (D:1)
  A giant cockroach (D:1)
  3 hobgoblins (D:1)
  2 jackals (D:1)
  5 bats (D:1)
  3 frilled lizards (D:1)
  3 goblins (D:1)
  3 kobolds (D:1)
  7 rats (D:1)
28 creatures vanquished.

Notes
Turn   | Place    | Note
-------+----------+-------------------------------------------
     0 | D:1      | Kold the Octopode Transmuter began the quest for the Orb.
     0 | D:1      | Reached XP level 1. HP: 13/13 MP: 3/3
   302 | D:1      | Reached skill level 1 in Stealth
   302 | D:1      | Reached XP level 2. HP: 18/18 MP: 3/5
   483 | D:1      | Reached XP level 3. HP: 11/23 MP: 4/6
  1086 | D:2      | Noticed Terence
  1093 | D:2      | Slain by Terence

Skill      XL: |  1 |
---------------+----+-----
Stealth        | 1 |  1.9
Fighting       | |  1.0
Dodging        | |  2.4
Unarmed Combat | |  3.3
Spellcasting   | |  2.0
Transmutations | |  2.4

Action                   || total
-------------------------++-------
Melee: Unarmed           ||    64
       Constrict         ||    15
       Kick              ||    10
       Tentacles         ||     6
 Cast: Beastly Appendage ||    13
 Stab: Sleeping          ||     2
  Eat: Chunk             ||     1
Armor: Skin              ||     9
Dodge: Dodged            ||    59
